 Dungeon Crawl Stone Soup version 0.29.1-12-g30fa7ad0bf (webtiles) character file.

Game seed: 4068138310382527088

472 KittyFluff the Covered (level 7, -2/44 HPs)
             Began as a Gargoyle Berserker on Jan 8, 2023.
             Was a Priest of Trog.
             Slain by a gnoll
             ... wielding a +0 spear
              (4 damage)
             ... on level 4 of the Dungeon.
             The game lasted 00:12:46 (3260 turns).

KittyFluff the Covered (Gargoyle Berserker)         Turns: 3260, Time: 00:12:47

Health: -2/44      AC:  9    Str: 20    XL:     7   Next: 9%
Magic:  7/7        EV: 16    Int:  8    God:    Trog [***...]
Gold:   165        SH:  0    Dex: 11    Spells: 6/6 levels left

rFire   . . .      SeeInvis .   b - +0 flail
rCold   . . .      Faith    .   (no shield)
rNeg    + . .      Spirit   .   m - +0 leather armour
rPois   ∞          Reflect  .   (no helmet)
rElec   +          Harm     .   (no cloak)
rCorr   .          Rampage  .   l - +0 pair of gloves
Will    .....                   (no boots)
Stlth   +.........              (no amulet)
HPRegen 0.14/turn               h - +4 ring of evasion
MPRegen 0.10/turn               (no ring)

@: on berserk cooldown, slowed, very slow
A: sickness immunity, AC +4, negative energy resistance 1, electricity
resistance, torment resistance 1, petrification resistance
a: Renounce Religion, Berserk, Trog's Hand


You were on level 4 of the Dungeon.
You worshipped Trog.
Trog was most pleased with you.
You visited 1 branch of the dungeon, and saw 4 of its levels.

You collected 165 gold pieces.

Inventory:

Hand Weapons
 a - a +0 mace
 b - a +0 flail (weapon)
Missiles
 d - 4 poisoned darts
 e - 55 stones (quivered)
 t - 3 boomerangs
Armour
 l - a +0 pair of gloves (worn)
 m - a +0 leather armour (worn)
 u - a +0 scale mail
Jewellery
 h - a +4 ring of evasion (left hand)
 k - a ring of fire
Scrolls
 g - 2 scrolls of teleportation {unknown}
 i - 3 scrolls of magic mapping {unknown}
 o - 2 scrolls of amnesia {unknown}
 p - a scroll of acquirement {unknown}
 q - a scroll of poison {unknown}
 s - a scroll of torment {unknown}
Potions
 c - 5 potions of heal wounds {unknown}
 f - 5 potions of curing {unknown}
 j - a potion of ambrosia {unknown}
 n - a potion of experience {unknown}
 r - a potion of flight {unknown}


   Skills:
 + Level 4.7 Fighting
 + Level 4.4 Maces & Flails
 * Level 5.4 Armour
 + Level 3.0 Dodging


You had 6 spell levels left.
You didn't know any spells.
Your spell library was empty.

Dungeon Overview and Level Annotations

Branches:
Dungeon (4/15)
 Temple: D:4-7

Altars:
Gozag
Ru
Yredelemnul
The Shining One

Annotations:
D:3 1 runed translucent door


Innate Abilities, Weirdness & Mutations

You are immune to sickness and miasma.
Your stone body is resilient. (AC +4)
You are immune to poison.
You resist negative energy. (rN+)
You are resistant to electric shocks. (rElec)
You are resistant to unholy torment.
You are immune to petrification.


Message History

Your Dodging skill increases to level 3!
You have reached level 7!
Found 4 javelins.
Found a stone staircase leading up.
The gnoll barely misses you. The gnoll closely misses you.
The gnoll hits you with a +0 spear.
* * * LOW HITPOINT WARNING * * *
Things that are here:
a +0 dagger; a +0 robe You hit the gnoll.
The gnoll is lightly wounded.
The gnoll barely misses you. The gnoll closely misses you. x2
You sock the gnoll!
You kill the gnoll!
Trog accepts your kill. The orc misses you. The gnoll closely misses you. x2
You see here a +0 halberd.
You feel a strong urge to attack something.
The orc barely misses you. The gnoll completely misses you.
The gnoll barely misses you.
You sock the gnoll!
The gnoll is almost dead.
You sock the gnoll!
You kill the gnoll!
Trog accepts your kill. The orc barely misses you.
The gnoll hits you but does no damage. The orc closely misses you.
You are no longer berserk.
You are exhausted.
You feel yourself slow down. The orc barely misses you.
The gnoll hits you but does no damage.
Things that are here:
a +0 spear; a gnoll corpse You closely miss the gnoll.
The gnoll hits you but does no damage.
The orc misses you. x2; The orc closely misses you.
The orc hits you with a +0 hand axe.
* * * LOW HITPOINT WARNING * * *
The gnoll hits you with a +0 spear.
* * * LOW HITPOINT WARNING * * *
You hit the gnoll but do no damage. The gnoll hits you with a +0 spear.
You die...

#........### #
##..........
#.....>....
##..#......
##.....##..
####..)#### .
###..###.# #
#.....##)#.##...
#......)@g......
##.##...oo......
##.......#.(
##.#....#
####....< ####..
##


You could see a gnoll and 2 orcs.

Vanquished Creatures
  An ogre (D:3)
  2 phantoms
  A scorpion (D:3)
  An orc wizard (D:4)
  2 gnolls (D:4)
  3 adders (D:3)
  An ufetubus (D:4)
  3 dart slugs
  9 orcs
  17 bats
  2 endoplasms (D:1)
  A giant cockroach (D:1)
  7 goblins
  2 hobgoblins
  14 jackals
  8 kobolds
  3 quokkas
  9 ball pythons
  5 frilled lizards
  A jackal skeleton (D:3)
  2 rats (D:1)
94 creatures vanquished.

Notes
Turn   | Place    | Note
-------+----------+-------------------------------------------
     0 | D:1      | KittyFluff the Gargoyle Berserker began the quest for the
                  | Orb.
     0 | D:1      | Reached XP level 1. HP: 14/14 MP: 1/1
   160 | D:1      | Reached XP level 2. HP: 16/19 MP: 2/2
   944 | D:1      | Reached ** piety under Trog
   953 | D:1      | Reached XP level 3. HP: 23/23 MP: 3/3
  1100 | D:1      | Found a faded altar of an unknown god.
  1223 | D:2      | Reached skill level 3 in Armour
  2025 | D:3      | Found a runed translucent door.
  2025 | D:3      | Noticed a human
  2029 | D:3      | Found a basalt altar of Yredelemnul.
  2038 | D:3      | Reached XP level 4. HP: 29/29 MP: 4/4
  2136 | D:3      | Found a sacrificial altar of Ru.
  2343 | D:3      | Reached *** piety under Trog
  2406 | D:3      | Found a glowing golden altar of the Shining One.
  2433 | D:3      | Noticed a scorpion
  2441 | D:3      | Killed a scorpion
  2442 | D:3      | Reached skill level 4 in Armour
  2442 | D:3      | Reached XP level 5. HP: 30/33 MP: 5/5
  2774 | D:3      | Found an opulent altar of Gozag.
  2904 | D:3      | Noticed an ogre
  2904 | D:3      | Noticed a phantom
  2923 | D:3      | Killed a phantom
  2924 | D:3      | Reached XP level 6. HP: 35/38 MP: 6/6
  3080 | D:4      | Reached skill level 5 in Armour
  3251 | D:4      | Reached XP level 7. HP: 8/44 MP: 7/7
  3259 | D:4      | HP: 2/44 [gnoll/+0 spear (2)]
  3260 | D:4      | Slain by a gnoll

Illustrated notes

Levels and vault maps discovered:
D:1:      dpeg_arrival_pits, layout_basic,
          shapermc_ecumenical_altar_mp_ritualfount
D:2:      layout_loops_ring
D:3:      layout_basic, nicolae_gozag_seed_capital,
          nicolae_tso_swordbearing_angel, mainiacjoe_overflow_24_doors,
          dk_yredelemnul_ordeal, kennysheep_big_empty_room,
          minmay_divided_ellipse
D:4:      layout_cave_pools, kennysheep_little_box, serial_shops,
          nicolae_shop_behind_doors, roderic_batcave

Skill      XL: |  1  2  3  4  5  6 |
---------------+-------------------+-----
Armour         | 3 4 5 |  5.4
Dodging        | 2 3 |  3.0
Fighting       | 4 |  4.7
Maces & Flails | 4 |  4.4

Action                   |  1- 3 |  4- 6 |  7- 9 || total
-------------------------+-------+-------+-------++-------
Melee: Mace              |   137 |    84 |       ||   221
       Flail             |       |    90 |     6 ||    96
Throw: Stone             |       |     1 |       ||     1
Invok: Berserk           |       |     1 |       ||     1
  Use: Scroll            |       |     1 |       ||     1
Armor: Animal skin       |    31 |       |       ||    31
       Leather armour    |    20 |    70 |     3 ||    93
Dodge: Dodged            |   133 |   211 |    17 ||   361
